APL (24 & UNDER)
BEAVERTON BRONZE SOULS @ ATHENS ASSASSINS
07/23/2028
 
TOP OF THE 1ST
Beaverton Bronze Souls batting - Pitching for Athens Assassins : RHP Silvio Fiermonte
Pitching: RHP Silvio Fiermonte
Batting: RHB Pedro Rivera 0-0: Foul Ball, location: 2F
0-1: Ball
1-1: Fly out, F6 (Line Drive, 6)
Batting: LHB Gabriel Aguilera 0-0: Ball
1-0: Ball
2-0: Ball
3-0: Base on Balls
Batting: RHB Ed Fuhrman 0-0: Reached on error, E6 (Groundball, 6)
Gabriel Aguilera to second
Batting: RHB Michael Fisher 0-0: Ball
1-0: Grounds into double play, 6-4-3 (Groundball, 6)
Top of the 1st over - 0 run(s), 0 hit(s), 1 error(s), 1 left on base; Beaverton 0 - Athens 0
BOTTOM OF THE 1ST
Athens Assassins batting - Pitching for Beaverton Bronze Souls : RHP Mike Moyer
Pitching: RHP Mike Moyer
Batting: RHB Júlio Castillo 0-0: Ball
1-0: Ball
2-0: Ground out U3 (Groundball, 3S)
Batting: RHB Millard Long 0-0: Fly out, F5 (Popup, 5D)
Batting: RHB Jorge Loanos 0-0: Swinging Strike
0-1: Ball
1-1: Ground out 5-3 (Groundball, 56)
Bottom of the 1st over - 0 run(s), 0 hit(s), 0 error(s), 0 left on base; Beaverton 0 - Athens 0
TOP OF THE 2ND
Beaverton Bronze Souls batting - Pitching for Athens Assassins : RHP Silvio Fiermonte
Batting: RHB Vincente López 0-0: SINGLE (Groundball, 6MD)
Batting: RHB José Fernández 0-0: Ball
1-0: Foul Ball, location: 2F
1-1: Ball
2-1: Swinging Strike
2-2: Fly out, F8 (Flyball, 8RM)
Batting: LHB Cade Brown 0-0: Called Strike
0-1: Swinging Strike
0-2: Grounds into double play, 3-6-3 (Groundball, 34)
Top of the 2nd over - 0 run(s), 1 hit(s), 0 error(s), 0 left on base; Beaverton 0 - Athens 0
BOTTOM OF THE 2ND
Athens Assassins batting - Pitching for Beaverton Bronze Souls : RHP Mike Moyer
Batting: RHB Foster Hapgood 0-0: Ball
1-0: Foul Ball, location: 2F
1-1: Swinging Strike
1-2: Ball
2-2: Fly out, F8 (Flyball, 8LM)
Batting: RHB Iván Granados 0-0: Called Strike
0-1: Ball
1-1: Foul Ball, location: 2F
1-2: Foul Ball, location: 2F
1-2: Ball
2-2: Foul Ball, location: 2F
2-2: Foul Ball, location: 2F
2-2: Ball
3-2: Base on Balls
Batting: RHB Kiyonaga Ogawa 0-0: Ball
1-0: Called Strike
1-1: Ball
2-1: Fielders Choice at 2nd, 6-4 (Groundball, 6)
Batting: RHB Britt Short 0-0: Called Strike
0-1: Fielders Choice at 2nd, 6-4 (Groundball, 6)
Bottom of the 2nd over - 0 run(s), 0 hit(s), 0 error(s), 0 left on base; Beaverton 0 - Athens 0
TOP OF THE 3RD
Beaverton Bronze Souls batting - Pitching for Athens Assassins : RHP Silvio Fiermonte
Batting: RHB Ed Nygaard 0-0: Called Strike
0-1: Ball
1-1: Ball
2-1: Fly out, F8 (Line Drive, 78M)
Batting: LHB Arlen Powers 0-0: Called Strike
0-1: Called Strike
0-2: Ball
1-2: Foul Ball, location: 2F
1-2: Strikes out swinging
Batting: RHB Pedro Rivera 0-0: Ball
1-0: Called Strike
1-1: Swinging Strike
1-2: Strikes out looking
Top of the 3rd over - 0 run(s), 0 hit(s), 0 error(s), 0 left on base; Beaverton 0 - Athens 0
BOTTOM OF THE 3RD
Athens Assassins batting - Pitching for Beaverton Bronze Souls : RHP Mike Moyer
Batting: RHB Clancy Bradshaw 0-0: Ball
1-0: Swinging Strike
1-1: Ball
2-1: Ball
3-1: Foul Ball, location: 2F
3-2: Base on Balls
Batting: RHB Luis López 0-0: Grounds into double play, 6-4-3 (Groundball, 6)
Batting: RHB Júlio Castillo 0-0: Swinging Strike
0-1: Ball
1-1: Fly out, F8 (Line Drive, 8LM)
Bottom of the 3rd over - 0 run(s), 0 hit(s), 0 error(s), 0 left on base; Beaverton 0 - Athens 0
TOP OF THE 4TH
Beaverton Bronze Souls batting - Pitching for Athens Assassins : RHP Silvio Fiermonte
Batting: LHB Gabriel Aguilera 0-0: Called Strike
0-1: Ball
1-1: Ball
2-1: Ball
3-1: Fly out, F3 (Popup, 34S)
Batting: RHB Ed Fuhrman 0-0: Called Strike
0-1: Swinging Strike
0-2: Ball
1-2: Strikes out swinging
Batting: RHB Michael Fisher 0-0: Called Strike
0-1: Ball
1-1: Ground out 5-3 (Groundball, 5S)
Top of the 4th over - 0 run(s), 0 hit(s), 0 error(s), 0 left on base; Beaverton 0 - Athens 0
BOTTOM OF THE 4TH
Athens Assassins batting - Pitching for Beaverton Bronze Souls : RHP Mike Moyer
Batting: RHB Millard Long 0-0: Ground out 6-3 (Groundball, 6M)
Batting: RHB Jorge Loanos 0-0: Called Strike
0-1: Foul Ball, location: 2F
0-2: Ball
1-2: Strikes out swinging
Batting: RHB Foster Hapgood 0-0: Called Strike
0-1: Foul Ball, location: 2F
0-2: Ball
1-2: Fly out, F9 (Flyball, 9)
Bottom of the 4th over - 0 run(s), 0 hit(s), 0 error(s), 0 left on base; Beaverton 0 - Athens 0
TOP OF THE 5TH
Beaverton Bronze Souls batting - Pitching for Athens Assassins : RHP Silvio Fiermonte
Batting: RHB Vincente López 0-0: Called Strike
0-1: Foul Ball, location: 2F
0-2: Ball
1-2: Strikes out looking
Batting: RHB José Fernández 0-0: Ball
1-0: Ball
2-0: Ball
3-0: Called Strike
3-1: Ground out 4-3 (Groundball, 4)
Batting: LHB Cade Brown 0-0: Fly out, F8 (Flyball, 8RS)
Top of the 5th over - 0 run(s), 0 hit(s), 0 error(s), 0 left on base; Beaverton 0 - Athens 0
BOTTOM OF THE 5TH
Athens Assassins batting - Pitching for Beaverton Bronze Souls : RHP Mike Moyer
Batting: RHB Iván Granados 0-0: Ball
1-0: Ball
2-0: Called Strike
2-1: Foul Ball, location: 2F
2-2: Foul Ball, location: 2F
2-2: Strikes out swinging
Batting: RHB Kiyonaga Ogawa 0-0: Swinging Strike
0-1: Fly out, F8 (Flyball, 8RD)
Batting: RHB Britt Short 0-0: Foul Ball, location: 2F
0-1: Ball
1-1: Ground out 5-3 (Groundball, 56S)
Bottom of the 5th over - 0 run(s), 0 hit(s), 0 error(s), 0 left on base; Beaverton 0 - Athens 0
TOP OF THE 6TH
Beaverton Bronze Souls batting - Pitching for Athens Assassins : RHP Silvio Fiermonte
Batting: RHB Ed Nygaard 0-0: Ball
1-0: Ground out 4-3 (Groundball, 4M)
Batting: LHB Arlen Powers 0-0: Foul Ball, location: 2F
0-1: Ball
1-1: Ball
2-1: Foul Ball, location: 2F
2-2: Strikes out looking
Batting: RHB Pedro Rivera 0-0: Ground out 6-3 (Groundball, 6)
Top of the 6th over - 0 run(s), 0 hit(s), 0 error(s), 0 left on base; Beaverton 0 - Athens 0
BOTTOM OF THE 6TH
Athens Assassins batting - Pitching for Beaverton Bronze Souls : RHP Mike Moyer
Batting: RHB Clancy Bradshaw 0-0: Ball
1-0: Ball
2-0: Called Strike
2-1: Fly out, F6 (Popup, 6)
Batting: RHB Luis López 0-0: Called Strike
0-1: Ball
1-1: Hit by Pitch
Batting: RHB Júlio Castillo 0-0: Ball
1-0: Ball
2-0: Foul Ball, location: 2F
2-1: Swinging Strike
2-2: Strikes out looking
Batting: RHB Millard Long 0-0: Called Strike
0-1: Ball
1-1: Called Strike
1-2: Ball
2-2: SINGLE (Line Drive, 89M)
Luis López to second
Batting: RHB Jorge Loanos 0-0: Called Strike
0-1: Ball
1-1: Swinging Strike
1-2: Ground out 6-3 (Groundball, 6S)
Bottom of the 6th over - 0 run(s), 1 hit(s), 0 error(s), 2 left on base; Beaverton 0 - Athens 0
TOP OF THE 7TH
Beaverton Bronze Souls batting - Pitching for Athens Assassins : RHP Silvio Fiermonte
Batting: LHB Gabriel Aguilera 0-0: Ball
1-0: Foul Ball, location: 2F
1-1: Foul Ball, location: 2F
1-2: Ball
2-2: Ground out 3-1 (Groundball, 34)
Pinch Hitting: RHB Joe Brinkman 0-0: Fly out, F9 (Line Drive, 89M)
Batting: RHB Michael Fisher 0-0: Ball
1-0: Swinging Strike
1-1: Foul Ball, location: 2F
1-2: Strikes out swinging
Top of the 7th over - 0 run(s), 0 hit(s), 0 error(s), 0 left on base; Beaverton 0 - Athens 0
BOTTOM OF THE 7TH
Athens Assassins batting - Pitching for Beaverton Bronze Souls : RHP Mike Moyer
Now at 1B: José Dávila
Batting: RHB Foster Hapgood 0-0: Called Strike
0-1: Swinging Strike
0-2: Ball
1-2: Foul Ball, location: 2F
1-2: Foul Ball, location: 2F
1-2: Strikes out swinging
Pinch Hitting: LHB Xavier Smith 0-0: Called Strike
0-1: Called Strike
0-2: Foul Ball, location: 2F
0-2: Ball
1-2: Foul Ball, location: 2F
1-2: SINGLE (Groundball, 6M) (infield hit)
Pitching: RHP Arturo García
Batting: RHB Kiyonaga Ogawa 0-0: Ball
1-0: SINGLE (Line Drive, 78S)
Xavier Smith to second
Pinch Hitting: LHB José Martínez 0-0: Ball
1-0: SINGLE (Groundball, 6D)
Xavier Smith to third
Kiyonaga Ogawa to second
Pinch Hitting: LHB Brian Turner 0-0: Foul Ball, location: 2F
0-1: Ball
1-1: Called Strike
1-2: Strikes out swinging
Batting: RHB Luis López 0-0: Ground out 1-3 (Groundball, P)
Bottom of the 7th over - 0 run(s), 3 hit(s), 0 error(s), 3 left on base; Beaverton 0 - Athens 0
TOP OF THE 8TH
Beaverton Bronze Souls batting - Pitching for Athens Assassins : RHP Silvio Fiermonte
Now at SS: Alfonso Flores
Now in LF: Xavier Smith
Now in RF: Brian Turner
Pinch Hitting: RHB Nathan Smith 0-0: Ball
1-0: Called Strike
1-1: Ball
2-1: Ball
3-1: Ground out 5-3 (Groundball, 5)
Batting: RHB José Fernández 0-0: Swinging Strike
0-1: Foul Ball, location: 2F
0-2: Strikes out swinging
Pinch Hitting: RHB Cameron Irwin 0-0: Called Strike
0-1: Foul Ball, location: 2F
0-2: Ball
1-2: Ball
2-2: Ball
3-2: Strikes out looking
Top of the 8th over - 0 run(s), 0 hit(s), 0 error(s), 0 left on base; Beaverton 0 - Athens 0
BOTTOM OF THE 8TH
Athens Assassins batting - Pitching for Beaverton Bronze Souls : RHP Arturo García
Now in LF: Nathan Smith
Now in RF: Cameron Irwin
Batting: RHB Júlio Castillo 0-0: Foul Ball, location: 2F
0-1: Foul Ball, location: 2F
0-2: Ball
1-2: Strikes out swinging
Batting: RHB Millard Long 0-0: Ball
1-0: Ball
2-0: Called Strike
2-1: SINGLE (Groundball, 56) (infield hit)
Pinch Runner at 1st Pedro Tapia:
Batting: RHB Jorge Loanos 0-0: Called Strike
0-1: Grounds into double play, 5-4-3 (Groundball, 5)
Bottom of the 8th over - 0 run(s), 1 hit(s), 0 error(s), 0 left on base; Beaverton 0 - Athens 0
TOP OF THE 9TH
Beaverton Bronze Souls batting - Pitching for Athens Assassins : RHP Silvio Fiermonte
Pitching: RHP Jason Mason
Now at 2B: Pedro Tapia
Pinch Hitting: SHB Dale Winters 0-0: Ball
1-0: Ball
2-0: Called Strike
2-1: Foul Ball, location: 2F
2-2: Ground out U3 (Groundball, 3)
Batting: LHB Arlen Powers 0-0: Foul Ball, location: 2F
0-1: Foul Ball, location: 2F
0-2: Ball
1-2: Foul Ball, location: 2F
1-2: SINGLE (Groundball, 6MD)
Pinch Hitting: RHB Vernon Harris 0-0: Ball
1-0: Ball
2-0: Called Strike
2-1: Fielders Choice at 2nd, 5-4 (Groundball, 56)
Batting: LHB Gabriel Aguilera 0-0: Called Strike
Vernon Harris is caught stealing 2nd base
Top of the 9th over - 0 run(s), 1 hit(s), 0 error(s), 0 left on base; Beaverton 0 - Athens 0
BOTTOM OF THE 9TH
Athens Assassins batting - Pitching for Beaverton Bronze Souls : RHP Arturo García
Pitching: LHP Gabriel Rodríguez
Now at 3B: Michael Reed
Now in CF: Dale Winters
Batting: RHB Foster Hapgood 0-0: Ball
1-0: Called Strike
1-1: Swinging Strike
1-2: Foul Ball, location: 2F
1-2: Ground out 5-3 (Groundball, 56S)
Pinch Hitting: RHB Jake Erickson 0-0: Ground out 6-3 (Groundball, 6)
Batting: RHB Kiyonaga Ogawa 0-0: Called Strike
0-1: Ball
1-1: Ball
2-1: Ball
3-1: Called Strike
3-2: Foul Ball, location: 2F
3-2: Fly out, F9 (Flyball, 89S)
Bottom of the 9th over - 0 run(s), 0 hit(s), 0 error(s), 0 left on base; Beaverton 0 - Athens 0
TOP OF THE 10TH
Beaverton Bronze Souls batting - Pitching for Athens Assassins : RHP Jason Mason
Now in LF: Jake Erickson
Batting: LHB Gabriel Aguilera 0-0: Ball
1-0: Ball
2-0: Ball
3-0: Called Strike
3-1: Swinging Strike
3-2: Strikes out swinging
Batting: RHB José Dávila 0-0: Called Strike
0-1: Ball
1-1: Foul Ball, location: 2F
1-2: Strikes out swinging
Batting: RHB Michael Fisher 0-0: Ball
1-0: Ball
2-0: Called Strike
2-1: Foul Ball, location: 2F
2-2: Foul Ball, location: 2F
2-2: Ball
3-2: Fly out, F8 (Flyball, 8LS)
Top of the 10th over - 0 run(s), 0 hit(s), 0 error(s), 0 left on base; Beaverton 0 - Athens 0
BOTTOM OF THE 10TH
Athens Assassins batting - Pitching for Beaverton Bronze Souls : LHP Gabriel Rodríguez
Batting: RHB Alfonso Flores 0-0: Swinging Strike
0-1: Fly out, F5 (Popup, 5L)
Batting: LHB Brian Turner 0-0: Foul Ball, location: 2F
0-1: Ball
1-1: Ball
2-1: Swinging Strike
2-2: Ball
3-2: Strikes out looking
Batting: RHB Luis López 0-0: Ball
1-0: Called Strike
1-1: Called Strike
1-2: Strikes out looking
Bottom of the 10th over - 0 run(s), 0 hit(s), 0 error(s), 0 left on base; Beaverton 0 - Athens 0
TOP OF THE 11TH
Beaverton Bronze Souls batting - Pitching for Athens Assassins : RHP Jason Mason
Batting: RHB Nathan Smith 0-0: Foul Ball, location: 2F
0-1: Ball
1-1: Ball
2-1: Foul Ball, location: 2F
2-2: SINGLE (Line Drive, 9LS)
Batting: RHB José Fernández 0-0: Ball
1-0: Reached on error, E5 (Groundball, 56S)
Nathan Smith to second
Batting: RHB Cameron Irwin 0-0: Ball
1-0: Foul Ball, location: 2F
1-1: Foul Ball, location: 2F
1-2: Grounds into double play, 5-4-3 (Groundball, 5)
Nathan Smith to third
Batting: SHB Dale Winters 0-0: Swinging Strike
0-1: SINGLE (Flyball, 7S)
Nathan Smith scores
Pitching: RHP Ramiro Sierra
Batting: LHB Arlen Powers 0-0: Swinging Strike
0-1: Called Strike
0-2: Foul Ball, location: 2F
0-2: Ball
1-2: Strikes out looking
Top of the 11th over - 1 run(s), 2 hit(s), 1 error(s), 1 left on base; Beaverton 1 - Athens 0
BOTTOM OF THE 11TH
Athens Assassins batting - Pitching for Beaverton Bronze Souls : LHP Gabriel Rodríguez
Pitching: LHP Lorenzo Guzmán
Batting: RHB Júlio Castillo 0-0: Called Strike
0-1: Ball
1-1: Foul Ball, location: 2F
1-2: Ball
2-2: Foul Ball, location: 2F
2-2: SINGLE (Line Drive, 4MD)
Batting: RHB Pedro Tapia 0-0: Ball
1-0: Bunt missed!
1-1: Sac Bunt - play at first, batter OUT! 1-4
Júlio Castillo to second
Batting: RHB Jorge Loanos 0-0: Called Strike
0-1: Ball
Wild Pitch!
Júlio Castillo to third
1-1: Ball
2-1: Ball
3-1: Foul Ball, location: 2F
3-2: SINGLE (Line Drive, 6MD)
Júlio Castillo scores
Batting: RHB Foster Hapgood 0-0: Ball
1-0: Fly out, F9 (Flyball, 9S)
Batting: RHB Jake Erickson 0-0: Ball
1-0: Ball
2-0: Called Strike
2-1: Called Strike
2-2: Ball
3-2: Strikes out swinging
Bottom of the 11th over - 1 run(s), 2 hit(s), 0 error(s), 1 left on base; Beaverton 1 - Athens 1
TOP OF THE 12TH
Beaverton Bronze Souls batting - Pitching for Athens Assassins : RHP Ramiro Sierra
Pinch Hitting: RHB José López 0-0: Ball
1-0: Ball
2-0: DOUBLE (Line Drive, 7LM)
Batting: LHB Gabriel Aguilera 0-0: Ball
1-0: Ball
2-0: Ball
3-0: Called Strike
3-1: Base on Balls
Batting: RHB José Dávila 0-0: Ball
1-0: Called Strike
1-1: Ball
2-1: Ball
3-1: Called Strike
3-2: Strikes out swinging
Batting: RHB Michael Fisher 0-0: Called Strike
0-1: Ball
1-1: Foul Ball, location: 2F
1-2: Ball
Wild Pitch!
José López to third
Gabriel Aguilera to second
2-2: Strikes out swinging
Batting: RHB Nathan Smith 0-0: Ground out 5-3 (Groundball, 56)
Top of the 12th over - 0 run(s), 1 hit(s), 0 error(s), 2 left on base; Beaverton 1 - Athens 1
BOTTOM OF THE 12TH
Athens Assassins batting - Pitching for Beaverton Bronze Souls : LHP Lorenzo Guzmán
Now at 3B: Carlos Carrillo
Batting: RHB Kiyonaga Ogawa 0-0: SINGLE (Groundball, 4MD)
Batting: RHB Alfonso Flores 0-0: Ball
1-0: Sac Bunt - play at first, batter OUT! 1-4
Kiyonaga Ogawa to second
Batting: LHB Brian Turner 0-0: Ball
1-0: Swinging Strike
1-1: Ground out 6-3 (Groundball, 6)
Batting: RHB Luis López 0-0: Called Strike
0-1: Ball
1-1: Fly out, F9 (Flyball, 9S)
Bottom of the 12th over - 0 run(s), 1 hit(s), 0 error(s), 1 left on base; Beaverton 1 - Athens 1
TOP OF THE 13TH
Beaverton Bronze Souls batting - Pitching for Athens Assassins : RHP Ramiro Sierra
Batting: RHB José Fernández 0-0: Ball
1-0: Called Strike
1-1: Foul Ball, location: 2F
1-2: Strikes out swinging
Batting: RHB Cameron Irwin 0-0: Ball
1-0: Ball
2-0: Foul Ball, location: 2F
2-1: Ball
3-1: Ground out 5-3 (Groundball, 5)
Batting: SHB Dale Winters 0-0: Called Strike
0-1: Ball
1-1: Called Strike
1-2: Ground out 5-3 (Groundball, 5L)
Top of the 13th over - 0 run(s), 0 hit(s), 0 error(s), 0 left on base; Beaverton 1 - Athens 1
BOTTOM OF THE 13TH
Athens Assassins batting - Pitching for Beaverton Bronze Souls : LHP Lorenzo Guzmán
Batting: RHB Júlio Castillo 0-0: SINGLE (Line Drive, 89S)
Batting: RHB Pedro Tapia 0-0: Sac Bunt - play at first, batter OUT! 5-4
Júlio Castillo to second
Batting: RHB Jorge Loanos 0-0: Called Strike
0-1: Ball
1-1: Ball
2-1: Foul Ball, location: 2F
2-2: Ball
3-2: Foul Ball, location: 2F
3-2: Base on Balls
Batting: RHB Foster Hapgood 0-0: Ball
1-0: Ball
2-0: Ball
3-0: Base on Balls
Júlio Castillo to third
Jorge Loanos to second
Batting: RHB Jake Erickson 0-0: Ball
1-0: Swinging Strike
1-1: Fly out, F7 (Flyball, 7LDF)
Runner from 3rd tags up, SCORES, no throw
Tuesday, August 8th, 2017 - OOTP Baseball 17.12 Build 75